 Dungeon Sprint DCSS version 0.23.0-3-gf3c87f2 (webtiles) character file.

Game seed: 9553415596969444168

1774 nuthulu the Grappler (level 8, -10/93 HPs)
             Began as a Troll Monk on Feb 21, 2019.
             Was an Elder of Yredelemnul.
             Mangled by a 12-headed hydra (15 damage)
             ... in the Dungeon (Sprint IX: "|||||||||||||||||||||||||||||").
             The game lasted 00:02:01 (545 turns).

nuthulu the Grappler (Troll Monk)                    Turns: 545, Time: 00:02:01

Health: -10/93     AC: 10    Str: 25    XL:     8   Next: 80%
Magic:  7/7        EV: 15    Int:  6    God:    Yredelemnul [****..]
Gold:   0          SH:  0    Dex: 12    Spells: 7/7 levels left

rFire    . . .     SeeInvis .     - Unarmed
rCold    . . .     Gourm    +   (no shield)
rNeg     . . .     Faith    .   a - +2 robe
rPois    .         Spirit   .   (helmet restricted)
rElec    .         Reflect  .   (no cloak)
rCorr    .         Harm     .   (gloves unavailable)
MR       .....     NoTele   +   (boots unavailable)
Stlth    ++........             (no amulet)
HPRegen  0.65/turn              m - +2 ring of protection
MPRegen  0.10/turn              n - +3 ring of strength

@: hasted, very quick
A: large, unfitting armour, claws 3, fast metabolism 3, gourmand, regeneration
1, shaggy fur 1, tough skin 3
a: Recall Undead Slaves, Injury Mirror, Animate Dead, Drain Life, Renounce
Religion


You were in the Dungeon.
You worshipped Yredelemnul.
Yredelemnul was greatly pleased with you.
You were not hungry.

You visited 1 branch

Inventory:

Armour
 a - a +2 robe (worn)
Jewellery
 m - a +2 ring of protection (left claw)
 n - a +3 ring of strength (right claw)
Wands
 i - a wand of acid (9)
 l - a wand of iceblast (10)
Scrolls
 h - 4 scrolls of blinking
 j - 4 scrolls of remove curse
 k - 2 scrolls of amnesia
 o - 2 scrolls of enchant armour
 p - a scroll of fear
 q - a scroll of fog
Potions
 c - 5 potions of curing
 d - 3 potions of heal wounds
 e - a potion of resistance
 f - 4 potions of magic
 g - 2 potions of haste
Comestibles
 b - a ration


   Skills:
 + Level 10.0 Fighting
 + Level 10.0 Dodging
 - Level 1.0 Stealth
 + Level 11.8 Unarmed Combat


You had 7 spell levels left.
You didn't know any spells.
Your spell library was empty.

Dungeon Overview and Level Annotations

Branches:
Dungeon (1/1)

Altars:
Cheibriados
Dithmenos
Elyvilon
Fedhas
Gozag
Hepliaklqana
Kikubaaqudgha
Makhleb
Nemelex Xobeh
Okawaru
Qazlal
Ru
Sif Muna
Trog
Uskayaw
Vehumet
Wu Jian
Xom
Yredelemnul
Zin
The Shining One
Beogh
Jiyva
Lugonu


Innate Abilities, Weirdness & Mutations

You are too large for most types of armour.
You have claws for hands.
Your metabolism is lightning-fast.
You like to eat raw meat.
Your natural rate of healing is unusually fast.
You are covered in fur. (AC +1)
You have extremely tough skin. (AC +3)


Message History

The ten-headed hydra closely misses you.
You claw one of the ten-headed hydra's heads off!
The nine-headed hydra grows two more!
You mangle the 11-headed hydra!!
The 11-headed hydra is severely wounded.
Unknown command.
Unknown command.
You claw one of the 11-headed hydra's heads off!
The ten-headed hydra grows two more!
You scratch the 12-headed hydra.
The 12-headed hydra is severely wounded.
The 12-headed hydra bites you.
* * * LOW HITPOINT WARNING * * *
The 12-headed hydra barely misses you.
The 12-headed hydra bites you but does no damage.
The 12-headed hydra barely misses you. The 12-headed hydra bites you.
* * * LOW HITPOINT WARNING * * *
The 12-headed hydra bites you.
* * * LOW HITPOINT WARNING * * *
The 12-headed hydra bites you!
You die...
Your body rises from the dead as a mindless zombie.

▓.▓_▓
▓H▓.▓_▓
▓F▓.▓_▓
▓F▓.▓_▓
▓r▓.▓_▓
▓S▓.▓_▓
▓h▓.▓_▓
▓D▓.▓_▓
▓@▓.▓_▓
▓.▓.▓_▓
▓.▓.▓_▓
▓.▓.▓_▓
▓.▓.▓_▓
▓.▓.▓'▓
▓.▓.▓.▓
▓.▓.▓.▓
▓.▓.▓.▓


You could see a 12-headed hydra, a hippogriff, a spiny frog, a blink frog, a
water moccasin, a black bear and a porcupine.

Vanquished Creatures
  A centaur warrior (D)
  A cyclops (D)
  A troll (D)
  A blink frog (D)
  A water moccasin (D)
  A black bear (D)
  A bullfrog (D)
  A gnoll sergeant (D)
  A howler monkey (D)
  An orc priest (D)
  A jelly (D)
  An orc wizard (D)
  An iguana (D)
  2 shadow imps (D)
  A leopard gecko (D)
  2 orcs (D)
  2 giant cockroaches (D)
  A goblin (D)
  A hobgoblin (D)
  A kobold (D)
23 creatures vanquished.

Vanquished Creatures (others)
  2 flying skulls (D)
  A mummy (D)
3 creatures vanquished.

Grand Total: 26 creatures vanquished

Notes
Turn   | Place    | Note
-------+----------+-------------------------------------------
     0 | D        | nuthulu the Troll Monk began the quest for the Orb.
     0 | D        | Reached XP level 1. HP: 22/22 MP: 0/0
    31 | D        | Noticed an orc priest
    32 | D        | Reached skill level 4 in Unarmed Combat
    32 | D        | Reached XP level 2. HP: 31/31 MP: 1/1
    43 | D        | Reached skill level 5 in Unarmed Combat
    43 | D        | Reached XP level 3. HP: 39/39 MP: 2/2
    53 | D        | Found a roughly hewn altar of Beogh.
    53 | D        | Found a snail-covered altar of Cheibriados.
    53 | D        | Found a shadowy altar of Dithmenos.
    53 | D        | Found a white marble altar of Elyvilon.
    53 | D        | Found a blossoming altar of Fedhas.
    53 | D        | Found an opulent altar of Gozag.
    54 | D        | Found a hazy altar of Hepliaklqana.
    55 | D        | Found a viscous altar of Jiyva.
    56 | D        | Found an ancient bone altar of Kikubaaqudgha.
    57 | D        | Found a corrupted altar of Lugonu.
    58 | D        | Found a burning altar of Makhleb.
    61 | D        | Found a sparkling altar of Nemelex Xobeh.
    62 | D        | Found an iron altar of Okawaru.
    63 | D        | Found a stormy altar of Qazlal.
    64 | D        | Found a sacrificial altar of Ru.
    65 | D        | Found a deep blue altar of Sif Muna.
    66 | D        | Found a bloodstained altar of Trog.
    67 | D        | Found a hide-covered altar of Uskayaw.
    68 | D        | Found a radiant altar of Vehumet.
    69 | D        | Found an ornate altar of the Wu Jian Council.
    70 | D        | Found a shimmering altar of Xom.
    71 | D        | Found a basalt altar of Yredelemnul.
    72 | D        | Found a glowing silver altar of Zin.
    73 | D        | Found a glowing golden altar of the Shining One.
    79 | D        | Became a worshipper of Yredelemnul the Dark
    79 | D        | Reached * piety under Yredelemnul
    79 | D        | Reached ** piety under Yredelemnul
   100 | D        | Noticed a black bear
   100 | D        | Noticed a gnoll sergeant
   100 | D        | Noticed a bullfrog
   109 | D        | Reached XP level 4. HP: 33/49 MP: 3/3
   116 | D        | Killed a bullfrog
   116 | D        | Reached skill level 5 in Fighting
   116 | D        | Reached skill level 5 in Dodging
   116 | D        | Reached skill level 6 in Unarmed Combat
   116 | D        | Reached XP level 5. HP: 41/57 MP: 4/4
   123 | D        | Reached skill level 7 in Unarmed Combat
   127 | D        | Reached *** piety under Yredelemnul
   131 | D        | Killed a black bear
   131 | D        | Reached skill level 8 in Unarmed Combat
   131 | D        | Reached XP level 6. HP: 30/68 MP: 5/5
   133 | D        | Received a gift from Yredelemnul (a mummy)
   257 | D        | Noticed a cyclops
   257 | D        | Noticed a troll
   257 | D        | Noticed a water moccasin
   257 | D        | Noticed a centaur warrior
   267 | D        | Killed a centaur warrior
   267 | D        | Reached skill level 10 in Unarmed Combat
   267 | D        | Reached XP level 7. HP: 38/81 MP: 6/6
   267 | D        | Reached XP level 8. HP: 42/91 MP: 7/7
   270 | D        | Received a gift from Yredelemnul (2 flying skulls)
   277 | D        | Killed a troll
   277 | D        | Reached **** piety under Yredelemnul
   277 | D        | Reached skill level 11 in Unarmed Combat
   285 | D        | Killed a cyclops
   529 | D        | Noticed a spiny frog
   529 | D        | Noticed a five-headed hydra
   529 | D        | Noticed a blink frog
   532 | D        | Killed a blink frog
   532 | D        | Reached skill level 10 in Fighting
   532 | D        | Reached skill level 10 in Dodging
   532 | D        | Noticed a blink frog
   533 | D        | Noticed a hippogriff
   545 | D        | Mangled by a 12-headed hydra

Skill      XL: |  1  2  3  4  5  6  7  8 |
---------------+-------------------------+-----
Fighting       | 3 4 5 6 8 10 | 10.0
Dodging        | 3 4 5 6 8 10 | 10.0
Unarmed Combat | 4 5 6 8 10 11 | 11.8
Stealth        | |  1.0

Action                   |  1- 3 |  4- 6 |  7- 9 || total
-------------------------+-------+-------+-------++-------
Melee: Unarmed           |    37 |    30 |    22 ||    89
       Punch             |     1 |     1 |     3 ||     5
  Use: Potion            |     2 |     1 |     3 ||     6
       Scroll            |       |       |     2 ||     2
 Stab: Invisible         |     1 |     2 |       ||     3
  Eat: Chunk             |     1 |       |       ||     1
       Ration            |       |       |     1 ||     1
Armor: Robe              |     8 |     4 |    13 ||    25
Dodge: Dodged            |    12 |    11 |    26 ||    49
